 Dungeon Crawl Stone Soup version 0.23.2-33-g5129a83184 (webtiles) character file.

Game seed: 2772943194755262436

157565 Richi the Hoplite (level 17, -8/140 HPs)
             Began as a Minotaur Fighter on July 29, 2019.
             Was the Champion of Okawaru.
             Killed from afar by a shock serpent (20 damage)
             ... with a bolt of electricity
             ... on level 4 of the Snake Pit on July 30, 2019.
             The game lasted 03:17:36 (39452 turns).

Richi the Hoplite (Minotaur Fighter)               Turns: 39452, Time: 03:17:37

Health: -8/140     AC: 27    Str: 35    XL:     17   Next: 12%
Magic:  0/21       EV:  7    Int:  5    God:    Okawaru [******]
Gold:   179        SH: 31    Dex: 11    Spells: 14/16 levels left

rFire    + . .     SeeInvis +   H - +4 mace of the Vine {drain, +Fly rN+ Str+3 SInv}
rCold    . . .     Gourm    .   K - +1 large shield {rPois}
rNeg     + . .     Faith    .   Q - +4 plate armour {rF+}
rPois    +         Spirit   +   N - +2 hat
rElec    .         Reflect  +   B - scarf {Spirit}
rCorr    +         Harm     .   T - +1 pair of gloves
MR       +....                  a - +0 pair of boots
Stlth    ..........             l - +4 amulet of reflection
HPRegen  0.33/turn              e - ring of resist corrosion
MPRegen  0.17/turn              S - +3 ring of strength

@: very slightly contaminated, slowed, constricted, very slow
A: retaliatory headbutt, horns 2, agile 1, frail 1, sense surroundings 1,
screaming 2, subdued magic 1, sturdy frame 1
a: Heroism, Finesse, Renounce Religion, Evoke Flight


You were on level 4 of the Snake Pit.
You worshipped Okawaru.
Okawaru was exalted by your worship.
You were not hungry.

You visited 5 branches of the dungeon, and saw 28 of its levels.
You also visited: Ossuary and Ice Cave.

You collected 2410 gold pieces.
You spent 2231 gold pieces at shops.

Inventory:

Hand Weapons
 E - a +5 eveningstar of protection
 H - the +4 mace of the Vine (weapon) {drain, +Fly rN+ Str+3 SInv}
   (You found it on level 3 of the Lair of Beasts)

   A truly terrible weapon, it drains the life of those it strikes.
   It affects your strength (+3).
   It protects you from negative energy.
   It lets you see invisible.
   It lets you fly.
 M - the +4 mace "Hulk" {holy, Dex+4}
   (Okawaru gifted it to you on level 5 of the Lair of Beasts)

   It has been blessed by the Shining One to cause great damage to the undead
   and demons.
   It affects your dexterity (+4).
 P - a +9 morningstar of protection
Armour
 a - a +0 pair of boots (worn)
 c - a +4 shield
 k - a +1 cloak
 B - a scarf of spirit shield (worn)
 F - the +3 plate armour of Yteat {Int+2}
   (You found it on level 1 of the Lair of Beasts)

   It affects your intelligence (+2).
 K - a +1 large shield of poison resistance (worn)
 N - a +2 hat (worn)
 Q - a +4 plate armour of fire resistance (worn)
 R - +2 acid dragon scales
 T - a +1 pair of gloves (worn)
Jewellery
 e - a ring of resist corrosion (left hand)
 l - a +4 amulet of reflection (around neck)
 r - the amulet of the Air {Inacc +Fly rElec EV+5 RMsl}
   (You found it on level 14 of the Dungeon)

   [amulet of inaccuracy]

   It reduces the accuracy of all your attacks.
   It affects your evasion (+5).
   It insulates you from electricity.
   It lets you fly.
   It protects you from missiles.
 S - a +3 ring of strength (right hand)
Wands
 h - a wand of polymorph (16)
 o - a wand of scattershot (22)
 p - a wand of iceblast (27)
 y - a wand of digging (15)
 D - a wand of clouds (12)
 J - a wand of flame (8)
 U - a wand of paralysis (13)
Scrolls
 b - 2 scrolls of holy word
 v - 15 scrolls of remove curse
 x - 7 scrolls of fog
 z - 9 scrolls of teleportation
 A - 4 scrolls of fear
 C - 9 scrolls of identify
 I - 5 scrolls of amnesia
 O - 3 scrolls of magic mapping
Potions
 d - 5 potions of might
 g - 3 potions of curing
 i - 4 potions of mutation
 j - 3 potions of lignification
 m - 2 potions of berserk rage
 n - 3 potions of cancellation
 q - a potion of ambrosia
 s - 9 potions of flight
 t - 4 potions of agility
 u - a potion of haste
 w - 8 potions of brilliance
 L - 3 potions of magic
 V - 2 potions of invisibility
Comestibles
 f - 4 rations


   Skills:
 * Level 15.5 Fighting
 - Level 15.4 Maces & Flails
 * Level 15.2 Armour
 + Level 4.2 Dodging
 - Level 0.5 Stealth
 + Level 22.0 Shields
 - Level 1.7 Necromancy
 * Level 7.4 Invocations


You had 14 spell levels left.
You knew the following spells:

 Your Spells              Type           Power        Failure   Level  Hunger
a - Animate Skeleton      Necr           N/A          73%         1    ##.....
b - Summon Small Mammal   Summ           #...         92%         1    ##.....

Your spell library contained the following spells:

 Spells                   Type           Power        Failure   Level  Hunger
 Pain                     Necr           #...         73%         1    ##.....
 Apportation              Tloc           #.....       92%         1    ##.....
 Confusing Touch          Hex            #.....       92%         1    ##.....
 Flame Tongue             Conj/Fire      #....        92%         1    ##.....
 Freeze                   Ice            #...         92%         1    ##.....
 Magic Dart               Conj           #...         92%         1    ##.....
 Call Imp                 Summ           #.......     98%         2    ###....
 Searing Ray              Conj           #.....       98%         2    ###....
 Throw Flame              Conj/Fire      #.....       98%         2    ###....
 Vampiric Draining        Necr           #.........   98%         3    ####...
 Regeneration             Chrm/Necr      #.........   99%         3    ####...
 Call Canine Familiar     Summ           #.......     100%        3    ####...
 Conjure Flame            Conj/Fire      #.......     100%        3    ####...
 Dazzling Spray           Conj/Hex       #.....       100%        3    ####...
 Inner Flame              Hex/Fire       #.......     100%        3    ####...
 Mephitic Cloud           Conj/Pois/Air  #.......     100%        3    ####...
 Ozocubu's Armour         Chrm/Ice       #.......     100%        3    ####...
 Summon Guardian Golem    Hex/Summ       #.......     100%        3    ####...
 Animate Dead             Necr           N/A          100%        4    #####..
 Force Lance              Conj/Tloc      #.......     100%        4    #####..
 Fulminant Prism          Conj/Hex       #.........   100%        4    #####..
 Iskenderun's Mystic Bla  Conj           #.......     100%        4    #####..
 Sticky Flame             Conj/Fire      #.......     100%        4    #####..
 Summon Ice Beast         Ice/Summ       #.......     100%        4    #####..
 Summon Lightning Spire   Summ/Air       #.......     100%        4    #####..
 Fireball                 Conj/Fire      #.........   100%        5    ######.
 Freezing Cloud           Conj/Ice/Air   #.........   100%        6    #######
 Simulacrum               Ice/Necr       #.........   100%        6    #######


Dungeon Overview and Level Annotations

Branches:
Dungeon (15/15)            Temple (1/1) D:7            Lair (6/6) D:8
 Shoals (0/4) Lair:3        Snake (4/4) Lair:3        Slime (0/5) Lair:6
    Orc (2/2) D:10            Elf (0/3) Orc:2        Vaults (0/5) D:14
 Depths (0/5) D:15

Altars:
Ashenzari
Cheibriados
Dithmenos
Elyvilon
Fedhas
Gozag
Hepliaklqana
Kikubaaqudgha
Makhleb
Nemelex Xobeh
Okawaru
Qazlal
Ru
Sif Muna
Trog
Uskayaw
Vehumet
Wu Jian
Xom
Yredelemnul
Zin
The Shining One
Beogh

Shops:
D:5 %   D:6 (   D:8 !?[   D:11 *   D:12 [   D:13 =   Orc:1 :[=[=   Orc:2 }?[(!
Snake:3 }}=   Snake:4 ?

Annotations:
D:2 1 runed translucent door, Crazy Yiuf
Lair:3 2 transporters
Lair:4 exclusion: oklob plant
Lair:5 3 runed translucent doors, exclusion: 4 oklob plants, Ribudoz's ghost, journeyman GnFi


Innate Abilities, Weirdness & Mutations

You reflexively headbutt those who attack you in melee.
You have a pair of horns on your head.
You are agile. (Dex +2)
You are frail. (-10% HP)
You passively map a small area around you.
You sometimes yell uncontrollably at your foes.
Your spells are a little easier to cast, but a little less powerful.
Your movements are slightly less encumbered by armour. (ER -2)


Message History

* * * LOW HITPOINT WARNING * * *
You see here a bolt.
As you read the scroll of teleportation, it crumbles to dust.
You feel strangely stable.
You feel sick. The nagaraja spits poison at you.
The splash of poison misses you.
The shock serpent bites you but does no damage.
You block the nagaraja's attack. x2; The naga barely misses you.
The naga grabs you. The naga constricts you.
You block the shock serpent's attack.
The naga sharpshooter shoots a bolt.
The bolt hits you but does no damage. You block the nagaraja's attack.
You feel better.
The shock serpent shoots out a bolt of lightning at you!
The bolt of electricity hits you!
* * * LOW HITPOINT WARNING * * *
The nagaraja closely misses you. The naga hits you but does no damage.
The naga constricts you.
The shock serpent shoots out a bolt of lightning at you!
The bolt of electricity hits you!!
You die...

#..#...##.#
###*#..SN<....#,
......N.N..........###
.......................##
.!...?...#.#.............
.......###...###.$........
,
.....##.........##.(......
, ...##...NN!..⌠...
*#...... ..#.....N@.......
#..... #......S#####... ,
#..)[ #....⌠.....<...
.N...... , #..............
...#.... #..............,
.,,#.... ,
,..#......⌠...⌠.. ,,
#..... , , #.............
,#..... ,
...#............, #......
, ....##..........,
*....###


You could see a nagaraja, a naga sharpshooter, a shock serpent and a naga.

Vanquished Creatures
  Rupert (D:12)
  Frances (D:14)
  Kirke (Lair:4)
  Gastronok (D:12)
  5 nagarajas
  2 frost giants
  4 orc warlords
  Snorg (D:12)
  Erolcha (D:10)
  A rakshasa (D:14)
  5 hydras
  A death knight (D:15)
  7 naga warriors
  4 catoblepae (Lair:6)
  3 centaur warriors
  3 anacondas
  3 tengu warriors
  An ogre mage (D:14)
  6 two-headed ogres
  5 death yaks (Lair:6)
  An orc high priest (Orc:1)
  A naga sharpshooter (Snake:1)
  3 shock serpents
  5 skeletal warriors
  A salamander mystic (Snake:2)
  2 unseen horrors
  6 naga ritualists
  2 wizards (D:15)
  13 mana vipers
  7 salamanders
  6 orc knights
  A cyclops (D:14)
  7 orc sorcerers
  5 ugly things
  4 manticores
  3 centaur zombies
  5 guardian serpents
  11 elephants
  29 black mambas
  13 naga magi
  An ice statue (IceCv)
  14 spiny frogs
  3 gargoyles
  A rime drake (Lair:6)
  A freezing wraith (D:12)
  A komodo dragon (shapeshifter) (D:14)
  A yaktaur (D:15)
  7 komodo dragons
  11 trolls
  13 polar bears (IceCv)
  A wolf spider simulacrum (D:15)
  3 hornets
  A polar bear (shapeshifter) (D:14)
  Grinder (D:5)
  12 blink frogs
  2 slime creatures (Lair:6)
  7 hippogriffs
  5 wraiths
  3 hogs
  2 wyverns
  A tarantella (shapeshifter) (D:13)
  A shadow (D:13)
  3 basilisks
  61 yaks
  2 hungry ghosts
  3 fire bats (Lair:6)
  A steam dragon (D:11)
  Menkaure (D:7)
  10 vampire mosquitoes
  6 wargs
  An acid dragon (D:15)
  25 nagas
  10 water moccasins
  15 porcupines
  54 orc warriors
  3 black bears
  2 ice beasts
  3 sky beasts
  4 phantoms
  18 wolves
  8 centaurs
  11 ogres
  11 crocodiles
  2 big kobolds
  19 bullfrogs
  2 wyvern zombies
  2 wyvern skeletons
  5 scorpions
  A water moccasin skeleton (D:8)
  4 wights (D:8)
  6 howler monkeys
  13 crimson imps
  A quasit (D:12)
  6 centaur skeletons
  3 bullfrog skeletons
  5 hounds
  9 jellies
  36 orc priests
  Jessica (D:2)
  Ijyb (D:3)
  2 iguanas (D:13)
  7 worker ants
  Natasha (thrice) (D:3)
  41 orc wizards
  2 hound zombies
  2 mummies
  A howler monkey zombie (D:11)
  A worker ant zombie (D:5)
  Robin (D:2)
  8 gnolls
  A howler monkey skeleton (D:4)
  10 adders
  7 shadow imps
  3 adder zombies
  2 dart slugs
  3 leopard geckos
  152 orcs
  2 ball pythons
  7 bats
  12 giant cockroaches
  13 goblins (D:2)
  12 hobgoblins
  9 jackals
  3 quokkas
  4 frilled lizards
  7 gnoll skeletons (Ossuary)
  26 kobolds
  5 kobold skeletons (Ossuary)
  2 leopard gecko skeletons
  13 orc skeletons (Ossuary)
  A quokka zombie (D:5)
  5 rats
  A fungus (Lair:6)
1009 creatures vanquished.

Vanquished Creatures (collateral kills)
  A naga sharpshooter (Snake:3)
  A lindwurm (Lair:6)
  A salamander (Snake:3)
  3 elephants (Lair:6)
  3 black mambas
  A komodo dragon (Lair:6)
  2 yaks (Lair:6)
  A naga (Snake:3)
  A water moccasin (Lair:6)
  A crocodile (Lair:6)
15 creatures vanquished.

Vanquished Creatures (others)
  2 centaur warriors
  2 naga sharpshooters (Snake:1)
  3 cyclopes
  A manticore (Lair:6)
  Joseph (D:10)
  A blink frog (Lair:1)
  A naga (Snake:2)
  An orc warrior (D:9)
  A sky beast (D:15)
  3 centaurs
  A crocodile (Lair:1)
  A hound (D:12)
  2 orcs (Orc:2)
  A kobold (D:14)
  A bush (Lair:3)
  A fungus (Lair:4)
  2 plants
25 creatures vanquished.

Grand Total: 1049 creatures vanquished

Notes
Turn   | Place    | Note
-------+----------+-------------------------------------------
     0 | D:1      | Richi the Minotaur Fighter began the quest for the Orb.
     0 | D:1      | Reached XP level 1. HP: 19/19 MP: 0/0
   124 | D:1      | Reached XP level 2. HP: 27/27 MP: 1/1
   258 | D:1      | Reached skill level 4 in Shields
   560 | D:2      | Reached XP level 3. HP: 26/33 MP: 2/2
   772 | D:2      | Reached XP level 4. HP: 24/40 MP: 3/3
   906 | D:2      | Reached skill level 1 in Dodging
  1049 | D:2      | Found an opulent altar of Gozag.
  1323 | D:2      | Noticed Robin
  1356 | D:2      | Killed Robin
  1398 | D:2      | Noticed Jessica
  1400 | D:2      | Killed Jessica
  1400 | D:2      | Reached XP level 5. HP: 47/47 MP: 4/4
  1499 | D:2      | Found a runed translucent door.
  1500 | D:2      | Noticed Crazy Yiuf
  1716 | D:2      | Gained mutation: You expend magic power (3 MP) to
                  | strengthen your wands. [potion of mutation]
  1716 | D:2      | Gained mutation: Your movements are slightly less
                  | encumbered by armour. (ER -2) [potion of mutation]
  1716 | D:2      | Gained mutation: You passively map a small area around you.
                  | [potion of mutation]
  1835 | D:3      | Reached skill level 5 in Shields
  1862 | D:3      | Noticed Natasha
  1867 | D:3      | Killed Natasha
  1978 | D:3      | Noticed Ijyb
  1986 | D:3      | Killed Ijyb
  2084 | D:3      | Noticed Natasha
  2088 | D:3      | Killed Natasha
  2133 | D:3      | Reached skill level 5 in Maces & Flails
  2381 | D:3      | Reached XP level 6. HP: 53/53 MP: 5/5
  2556 | D:3      | Noticed Natasha
  2572 | D:3      | Killed Natasha
  3173 | D:4      | Reached skill level 6 in Shields
  3177 | D:4      | Reached skill level 5 in Armour
  3177 | D:4      | Reached XP level 7. HP: 43/60 MP: 6/6
  3731 | D:5      | Entered Level 5 of the Dungeon
  3783 | D:5      | Reached skill level 5 in Fighting
  4249 | D:5      | Reached skill level 7 in Shields
  4396 | D:5      | Noticed Grinder
  4419 | D:5      | Reached XP level 8. HP: 68/68 MP: 7/7
  4427 | D:5      | Killed Grinder
  4688 | D:5      | Found Dikkessi's Food Emporium.
  4697 | D:5      | Reached skill level 8 in Shields
  4713 | D:5      | Bought a ration for 55 gold pieces
  5160 | D:6      | Found a glowing golden altar of the Shining One.
  5376 | D:6      | Found Minemow's Weapon Emporium.
  5384 | D:6      | Bought a +1 flail of protection for 145 gold pieces
  5814 | D:7      | Found a sand-covered staircase.
  5823 | Ossuary  | Entered an ossuary
  6386 | Ossuary  | Reached XP level 9. HP: 75/75 MP: 8/8
  6538 | D:7      | Reached skill level 9 in Shields
  6929 | D:7      | Found a staircase to the Ecumenical Temple.
  7016 | D:7      | Noticed Menkaure
  7024 | D:7      | Killed Menkaure
  7426 | D:8      | Found Binaad's Antique Armour Boutique.
  7551 | D:8      | Found Nezxasae's Magic Scroll Shop.
  7563 | D:8      | Bought 3 scrolls of identify for 78 gold pieces
  7580 | D:8      | Reached skill level 10 in Maces & Flails
  7703 | D:8      | Reached skill level 10 in Shields
  7746 | D:8      | Noticed an elephant
  7747 | D:8      | Found a staircase to the Lair.
  7766 | D:8      | Killed an elephant
  7790 | D:8      | Reached XP level 10. HP: 47/86 MP: 9/9
  8323 | D:8      | Found Ytielaw's Distillery.
  8326 | D:8      | Bought a potion of heal wounds for 80 gold pieces
  8417 | Temple   | Entered the Ecumenical Temple
  8505 | Temple   | Became a worshipper of Warmaster Okawaru
  8661 | Lair:1   | Entered Level 1 of the Lair of Beasts
  8722 | Lair:1   | Noticed a spiny frog
  8739 | Lair:1   | Killed a spiny frog
  8739 | Lair:1   | Reached skill level 11 in Shields
  8770 | Lair:1   | Reached * piety under Okawaru
  9196 | Lair:1   | Reached ** piety under Okawaru
  9873 | Lair:1   | Noticed a black mamba
  9879 | Lair:1   | Killed a black mamba
  9879 | Lair:1   | Reached skill level 12 in Shields
 10015 | Lair:1   | Got an ichor-stained plate armour
 10026 | Lair:1   | Identified the +3 plate armour of Yteat {Int+2} (You found
                  | it on level 1 of the Lair of Beasts)
 10406 | Lair:2   | Noticed a black mamba
 10417 | Lair:2   | Killed a black mamba
 10467 | Lair:2   | Identified the Grimoire of Battle Magic and the Snowflakes
 10542 | Lair:2   | Reached XP level 11. HP: 94/95 MP: 10/10
 10553 | Lair:2   | Reached *** piety under Okawaru
 11244 | Lair:3   | Noticed a four-headed hydra
 11260 | Lair:2   | Killed a four-headed hydra
 11478 | Lair:3   | Reached **** piety under Okawaru
 11493 | Lair:3   | Reached skill level 13 in Shields
 11556 | Lair:3   | Noticed a four-headed hydra
 11614 | Lair:3   | Killed a four-headed hydra
 11626 | Lair:3   | Found a staircase to the Shoals.
 11696 | Lair:3   | Reached ***** piety under Okawaru
 11760 | Lair:3   | Found a transporter.
 11760 | Lair:3   | Noticed a swamp dragon
 11801 | Lair:3   | Got a sapphire mace
 11802 | Lair:3   | Identified the +4 mace of the Vine {drain, +Fly rN+ Str+3
                  | SInv} (You found it on level 3 of the Lair of Beasts)
 11832 | Lair:3   | Found a transporter.
 12085 | Lair:3   | Found a staircase to the Snake Pit.
 12193 | Lair:3   | Reached skill level 14 in Shields
 12274 | Lair:3   | Noticed a five-headed hydra
 12284 | Lair:3   | Killed a five-headed hydra
 12307 | Lair:3   | Learned a level 1 spell: Animate Skeleton
 12348 | Lair:3   | Gained mutation: You occasionally shout uncontrollably at
                  | your foes. [mutagenic glow]
 12378 | Lair:3   | Gained mutation: You are frail. (-10% HP) [mutagenic glow]
 12466 | Lair:3   | Gained mutation: Your body sometimes deteriorates upon
                  | taking damage. [mutagenic glow]
 12790 | Lair:4   | Noticed an oklob plant
 12835 | Lair:4   | Reached XP level 12. HP: 92/95 MP: 11/11
 13096 | Lair:4   | Received a gift from Okawaru
 13096 | Lair:4   | Reached skill level 1 in Necromancy
 13117 | Lair:4   | Noticed Kirke
 13471 | Lair:4   | Noticed a sphinx
 13479 | Lair:4   | Killed Kirke
 13479 | Lair:4   | Reached skill level 10 in Fighting
 13721 | Lair:4   | Reached skill level 15 in Shields
 14405 | Lair:5   | Noticed a six-headed hydra
 14414 | Lair:5   | Found a runed translucent gate.
 14414 | Lair:5   | Found a runed translucent gate.
 14414 | Lair:5   | Found a runed translucent gate.
 14414 | Lair:5   | Noticed Ribudoz's ghost (journeyman GnFi)
 14432 | Lair:5   | Killed a six-headed hydra
 14432 | Lair:5   | Reached ****** piety under Okawaru
 14638 | Lair:5   | Received a gift from Okawaru
 14643 | Lair:5   | Got an iridescent mace {god gift}
 14644 | Lair:5   | Identified the +4 mace "Hulk" {holy, Dex+4} (Okawaru gifted
                  | it to you on level 5 of the Lair of Beasts)
 15222 | Lair:6   | Entered Level 6 of the Lair of Beasts
 15247 | Lair:6   | Reached skill level 10 in Armour
 15342 | Lair:6   | Noticed a seven-headed hydra
 15358 | Lair:5   | Killed a seven-headed hydra
 15469 | Lair:6   | Reached skill level 16 in Shields
 15480 | Lair:6   | Learned a level 1 spell: Summon Small Mammal
 15512 | Lair:6   | Reached XP level 13. HP: 94/103 MP: 3/12
 15520 | Lair:6   | Gained mutation: Armour fits poorly on your strangely
                  | shaped body. [mutagenic glow]
 15971 | Lair:6   | Received a gift from Okawaru
 16124 | Lair:6   | Found a staircase to the Slime Pits.
 16286 | Lair:6   | Reached skill level 17 in Shields
 16713 | Lair:6   | Gained mutation: You are dopey. (Int -2) [mutagenic glow]
 17434 | Lair:6   | Received a gift from Okawaru
 19282 | D:10     | Entered Level 10 of the Dungeon
 19287 | D:10     | Reached skill level 18 in Shields
 19358 | D:10     | Reached XP level 14. HP: 112/112 MP: 13/13
 19592 | D:10     | Noticed Joseph
 19604 | D:10     | Killed Joseph
 19721 | D:10     | Noticed Erolcha
 19728 | D:10     | Killed Erolcha
 19900 | D:10     | Found a staircase to the Orcish Mines.
 20172 | Orc:1    | Entered Level 1 of the Orcish Mines
 20386 | Orc:1    | Noticed an orc warlord
 20426 | Orc:1    | Killed an orc warlord
 20439 | Orc:1    | Received a gift from Okawaru
 20829 | Orc:1    | Found Virryp's Book Shop.
 20836 | Orc:1    | Found Izituo's Antique Armour Shop.
 20959 | Orc:1    | Found Foohi's Jewellery Shoppe.
 21097 | Orc:1    | Noticed an orc warlord
 21121 | Orc:1    | Killed an orc warlord
 21226 | Orc:1    | Found Lekethrai's Jewellery Shoppe.
 21303 | Orc:1    | Found Lutoinenk's Antique Armour Shop.
 21370 | Orc:2    | Entered Level 2 of the Orcish Mines
 21561 | Orc:2    | Found a staircase to the Elven Halls.
 21577 | Orc:2    | Found a roughly hewn altar of Beogh.
 21653 | Orc:2    | Noticed an orc warlord
 21718 | Orc:1    | Reached skill level 15 in Maces & Flails
 21856 | Orc:1    | Killed an orc warlord
 21948 | Orc:1    | Received a gift from Okawaru
 23101 | Orc:2    | Noticed an orc warlord
 23133 | Orc:2    | Killed an orc warlord
 23232 | Orc:2    | Found Koirghoph's Antique Weapon Boutique.
 23240 | Orc:2    | Found Ledoilil's Antique Armour Shop.
 23241 | Orc:2    | Found a roughly hewn altar of Beogh.
 23252 | Orc:2    | Reached skill level 19 in Shields
 23811 | Orc:2    | Found a roughly hewn altar of Beogh.
 23828 | Orc:2    | Found Ufimesch's Gadget Emporium.
 23849 | Orc:2    | Found a roughly hewn altar of Beogh.
 23867 | Orc:2    | Found Foett's Magic Scroll Boutique.
 24090 | Orc:2    | Found a roughly hewn altar of Beogh.
 24422 | Orc:2    | Found a roughly hewn altar of Beogh.
 24465 | Orc:2    | Found Loit's Distillery.
 25211 | Orc:1    | Bought glowing acid dragon scales for 1505 gold pieces
 25419 | D:11     | Found Orinel's General Store.
 25481 | D:11     | Found a frozen archway.
 25491 | IceCv    | Entered an ice cave
 26066 | IceCv    | Lost mutation: Armour fits poorly on your strangely shaped
                  | body. [potion of mutation]
 26066 | IceCv    | Lost mutation: You expend magic power (3 MP) to strengthen
                  | your wands. [potion of mutation]
 26066 | IceCv    | Lost mutation: Your body sometimes deteriorates upon taking
                  | damage. [potion of mutation]
 26066 | IceCv    | Lost mutation: You are dopey. (Int -2) [potion of mutation]
 26066 | IceCv    | Gained mutation: You sometimes yell uncontrollably at your
                  | foes. [potion of mutation]
 26066 | IceCv    | Gained mutation: You are agile. (Dex +2) [potion of
                  | mutation]
 26240 | IceCv    | Received a gift from Okawaru
 26245 | IceCv    | Got a fine fustibalus {god gift}
 26264 | IceCv    | Noticed a frost giant
 26302 | IceCv    | Killed a frost giant
 26302 | IceCv    | Reached XP level 15. HP: 95/122 MP: 11/14
 26562 | D:11     | Reached skill level 1 in Invocations
 27114 | D:12     | Noticed Gastronok
 27132 | D:12     | Killed Gastronok
 27412 | D:12     | Found Erphaupuo's Armour Emporium.
 27664 | D:12     | Identified the cursed +1 robe of Disguise {+Blink rElec}
 27751 | D:12     | Noticed Rupert
 27852 | D:12     | Killed Rupert
 28766 | D:13     | Noticed Snorg
 28773 | D:13     | Found Ypreny's Jewellery Shoppe.
 28791 | D:12     | Killed Snorg
 29103 | D:12     | Received a gift from Okawaru
 29467 | D:13     | Reached skill level 20 in Shields
 30497 | D:14     | Noticed Frances
 30511 | D:14     | Killed Frances
 30599 | D:14     | Found a gate to the Vaults.
 30617 | D:14     | Received a gift from Okawaru
 30819 | D:14     | Found the amulet of the Air {Inacc +Fly rElec EV+5 RMsl}
 31130 | D:15     | Entered Level 15 of the Dungeon
 31834 | D:15     | Reached XP level 16. HP: 132/132 MP: 18/18
 31993 | D:15     | Received a gift from Okawaru
 31993 | D:15     | Reached skill level 5 in Invocations
 32012 | D:15     | Got a pitted hat {god gift}
 32023 | D:15     | Identified the +1 hat of the Secret Wonders {Int+3}
                  | (Okawaru gifted it to you on level 15 of the Dungeon)
 32214 | D:15     | Found a staircase to the Depths.
 32684 | D:12     | Bought a +1 large shield of poison resistance for 148 gold
                  | pieces
 32927 | Snake:1  | Entered Level 1 of the Snake Pit
 33604 | Snake:1  | Reached skill level 21 in Shields
 34481 | Snake:1  | Reached skill level 15 in Fighting
 35423 | D:5      | Bought a ration for 55 gold pieces
 35423 | D:5      | Bought a ration for 55 gold pieces
 35423 | D:5      | Bought a ration for 55 gold pieces
 35423 | D:5      | Bought a ration for 55 gold pieces
 36533 | Snake:3  | Received a gift from Okawaru
 37142 | Snake:3  | Gained mutation: Your spells are a little easier to cast,
                  | but a little less powerful. [mutagenic glow]
 37233 | Snake:3  | Found Halen's Gadget Shoppe.
 37235 | Snake:3  | Found Atsior's Jewellery Shop.
 37236 | Snake:3  | Found Moaku's Gadget Shoppe.
 37743 | Snake:3  | Reached skill level 15 in Armour
 38588 | Snake:4  | Entered Level 4 of the Snake Pit
 38606 | Snake:4  | Received a gift from Okawaru
 39123 | Snake:4  | Reached XP level 17. HP: 136/140 MP: 14/21
 39226 | Snake:4  | Found Alimaix's Magic Scroll Shoppe.
 39430 | Snake:4  | Received a gift from Okawaru
 39430 | Snake:4  | Reached skill level 22 in Shields
 39452 | Snake:4  | Killed from afar by a shock serpent

Skill      XL: |  1  2  3  4  5  6  7  8  9 10 11 12 13 14 15 16 17 |
---------------+----------------------------------------------------+-----
Shields        | 4 5 6 7 8 10 12 14 16 18 19 20 21 22 | 22.0
Fighting       | 4 5 6 7 8 9 10 11 13 14 15 | 15.5
Armour         | 4 5 6 7 9 10 11 13 14 15 | 15.2
Dodging        | 1 2 3 4 |  4.2
Maces & Flails | 3 5 7 9 11 12 13 14 15 | 15.4
Necromancy     | 1 |  1.7
Invocations    | 4 7 |  7.4
Stealth        | |  0.5

Action                   |  1- 3 |  4- 6 |  7- 9 | 10-12 | 13-15 | 16-18 || total
-------------------------+-------+-------+-------+-------+-------+-------++-------
Melee: Flail             |    74 |   235 |   429 |   324 |       |       ||  1062
       Headbutt          |     9 |    34 |    98 |   141 |   547 |   209 ||  1038
       Mace              |       |       |       |   335 |  2095 |   764 ||  3194
       Unarmed           |       |       |       |    11 |       |       ||    11
 Cast: Animate Skeleton  |       |       |       |     2 |     3 |     8 ||    13
Evoke: Wand              |       |       |       |       |     7 |       ||     7
  Use: Scroll            |     5 |     3 |    15 |     6 |    12 |    11 ||    52
       Potion            |       |     3 |     1 |     4 |    10 |     8 ||    26
 Stab: Invisible         |       |     1 |       |       |     1 |       ||     2
       Distracted        |       |       |       |     1 |       |       ||     1
       Petrified         |       |       |       |       |     3 |       ||     3
  Eat: Ration            |       |     2 |     4 |     8 |    16 |     8 ||    38
       Chunk             |       |     1 |     1 |     1 |     3 |       ||     6
Armor: Scale mail        |    32 |    85 |   100 |    39 |       |       ||   256
       Plate armour      |       |       |       |   198 |   447 |   141 ||   786
       Skin              |       |       |       |       |     8 |       ||     8
Dodge: Dodged            |    30 |    92 |    86 |   157 |   346 |    92 ||   803
Block: Shield            |    62 |   170 |   322 |   688 |  2103 |    61 ||  3406
       Reflection        |       |       |     5 |     7 |    97 |   106 ||   215
       Other             |       |       |       |     6 |       |       ||     6
       Large shield      |       |       |       |       |       |   905 ||   905
